 Dungeon Crawl Stone Soup version 0.28.0 (webtiles) character file.

Game seed: 7902449370773360444

4884 croobank the Basher (level 10, -3/90 HPs)
             Began as a Hill Orc Monk on Feb 12, 2022.
             Killed from afar by a raiju (4 damage)
             ... with a living lightning
             ... on level 2 of the Abyss.
             The game lasted 00:43:54 (6984 turns).

croobank the Basher (Hill Orc Monk)                 Turns: 6984, Time: 00:43:54

Health: -3/90      AC: 11    Str: 27      XL:     10   Next: 50%
Magic:  24/24      EV: 13    Int:  7 (10) God:
Gold:   278        SH:  0    Dex: 13      Spells: 9/9 levels left

rFire   . . .      SeeInvis +   a - +8 whip "Gemog" {spect, *Slow MP+9 Str+8 SInv}
rCold   + . .      Faith    .   (no shield)
rNeg    + . .      Spirit   .   s - +1 ring mail of Beipn {rC+ rN+ Regen+}
rPois   .          Reflect  .   A - +4 helmet "Sahuacru" {rElec}
rElec   +          Harm     .   m - scarf {+Inv}
rCorr   .          Rampage  .   (no gloves)
Will    +....                   (no boots)
Stlth   ++........              l - amulet of regeneration
HPRegen 0.00/turn               b - ring of willpower
MPRegen 0.19/turn               (no ring)

@: sick
A: no striking features
a: Evoke Invisibility


You were on level 2 of the Abyss.
You visited 1 branch of the dungeon, and saw 8 of its levels.
You visited the Abyss 1 time.

You collected 434 gold pieces.
You spent 156 gold pieces at shops.

Inventory:

Hand Weapons
 a - the +8 whip "Gemog" (weapon) {spect, *Slow MP+9 Str+8 SInv}
   (You found it on level 3 of the Dungeon)

   When its wielder attacks, the weapon's spirit leaps out and strikes again.
   The spirit shares a part of any damage it takes with its wielder.
   Str:       It affects your strength (+8).
   MP:        It affects your magic capacity (+9).
   SInv:      It lets you see invisible.
   *Slow:     It may slow you when you take damage.
 D - a +3 great sword
 H - the +5 hand axe "Imp's Foe" {drain, Stlth+}
   (You found it on level 5 of the Dungeon)

   A truly terrible weapon, it drains the life of any living foe it strikes.
   Stlth:     It makes you more stealthy.
 I - a +0 demon trident
 L - a +4 spear
 N - the +10 dire flail of Rugoad {holy, MP+9}
   (You found it on level 7 of the Dungeon)

   It has been blessed by the Shining One to cause great damage to the undead
   and demons.
   MP:        It affects your magic capacity (+9).
Missiles
 d - 6 atropa-tipped darts (quivered)
 e - 233 stones
 k - 43 sling bullets
 n - 114 arrows
 p - 7 poisoned darts
 w - 85 bolts
 K - a throwing net
Armour
 g - a +3 plate armour
 i - a +0 buckler
 m - a scarf of invisibility (worn)
 o - the +0 ring mail "Fubb" {Will+ rCorr}
   (You found it on level 2 of the Dungeon)

   rCorr:     It protects you from acid and corrosion.
   Will:      It increases your willpower.
 s - the +1 ring mail of Beipn (worn) {rC+ rN+ Regen+}
   (You found it on level 2 of the Dungeon)

   rC:        It protects you from cold.
   rN:        It protects you from negative energy.
   Regen:     It increases your rate of health regeneration.
 v - the +2 robe of Polytheism {rN+ Slay+3}
   (You found it on level 2 of the Dungeon)

   Slay:      It affects your accuracy & damage with ranged weapons and melee
   (+3).
   rN:        It protects you from negative energy.
 A - the +4 helmet "Sahuacru" (worn) {rElec}
   (You took it off Robin on level 3 of the Dungeon)

   rElec:     It insulates you from electricity.
Jewellery
 b - a ring of willpower (left hand)
 f - a ring of fire
 l - an amulet of regeneration (around neck)
 y - an amulet of faith
 M - a ring of willpower
Wands
 h - a wand of flame (35)
 r - a wand of acid (7)
 t - a wand of digging (1)
 G - a wand of paralysis (15)
Scrolls
 c - a scroll of fog
 x - a scroll of immolation
 C - a scroll of identify
 J - a scroll of fear
Potions
 j - 2 potions of brilliance
 u - a potion of magic
 B - a potion of lignification
 E - a potion of cancellation
 F - 4 potions of curing


   Skills:
 - Level 8.5 Fighting
 - Level 5.1(8.7) Axes
 - Level 9.1(9.5) Maces & Flails
 - Level 5.9 Dodging
 - Level 6.0 Stealth
 + Level 7.1 Invocations


You had 9 spell levels left.
You didn't know any spells.
Your spell library contained the following spells:

 Spells                   Type           Power      Damage    Failure   Level
 Magic Dart               Conj           0%         1d3       56%         1
 Sting                    Tmut/Pois      0%         1d3       56%         1
 Call Imp                 Summ           0%         N/A       71%         2
 Poisonous Vapours        Pois/Air       0%         N/A       71%         2
 Gell's Gravitas          Tloc           0%         N/A       91%         3
 Lesser Beckoning         Tloc           0%         N/A       91%         3
 Mephitic Cloud           Conj/Pois/Air  0%         N/A       91%         3
 Portal Projectile        Hex/Tloc       0%         N/A       91%         3
 Teleport Other           Tloc           0%         N/A       91%         3
 Tukima's Dance           Hex            0%         N/A       91%         3
 Olgreb's Toxic Radiance  Pois           0%         N/A       100%        4
 Passage of Golubria      Tloc           0%         N/A       100%        4
 Blade Hands              Tmut           0%         N/A       100%        5
 Excruciating Wounds      Necr           0%         N/A       100%        5
 Yara's Violent Unravell  Hex/Tmut       0%         3d3       100%        5


Dungeon Overview and Level Annotations

Branches:
Dungeon (8/15)             Temple (0/1) D:5
   Lair: D:8-11

Altars:

Shops:
D:5 *

Annotations:
D:8 3 runed translucent doors, GloriousHammer's ghost, novice TrBe; Psyche


Message History

The small abomination closely misses you.
You feel ill.
The small abomination closely misses you.
The small abomination completely misses you.
The ancient zyme hits you.
The ancient zyme hits you but does no damage.
You feel ill.
You feel ill. The small abomination hits you!
You feel ill. The small abomination hits you!
The small abomination barely misses you.
The small abomination misses you.
You feel ill.
The small abomination closely misses you.
The small abomination hits you!
* * * LOW HITPOINT WARNING * * *
A small abomination comes into view.
Okay, then.
The small abomination hits you but does no damage.
The small abomination hits you!
* * * LOW HITPOINT WARNING * * *
The small abomination hits you.
* * * LOW HITPOINT WARNING * * *
Okay, then.
As you read the scroll of fear, it crumbles to dust.
You assume a fearsome visage.
The small abomination is unaffected.
The ancient zyme is unaffected.
The small abomination is unaffected.
The ufetubus looks frightened! x3; The small abomination hits you.
* * * LOW HITPOINT WARNING * * *
A wraith comes into view.
Unknown command.
The small abomination hits you but does no damage.
The small abomination barely misses you.
The raiju bursts into living lightning!
The living lightning hits you. You resist.
* * * LOW HITPOINT WARNING * * *
The raiju blinks!
The raiju bursts into living lightning!
The living lightning hits you. You resist.
You die...

...... .. ...
........ .. .# #
#..##.. #..##..# ..
.#
#..##..##..##..##.##.
...................
.. ............ ..
#..##h.##..##..# .#
.# #.
##..##..##..##.#.#
..h............@..#
.........ยง.....xh..#
#..##..##..##..##.##
#. #..##xx##.. #...
...## ##..#.#xW.#...#
#.#. #.. x#......#..#
## # #.#
#.#....#...## ##
.##.##...### .# #.#
...#


You could see a raiju and 2 small abominations.

Vanquished Creatures
  The ghost of boopmooplesden the Slasher, a novice MiFi (D:6)
  The ghost of bromine the Chopper, an amateur HuCA of Ignis (D:4)
  A wyvern (D:7)
  A ynoxinul (Abyss:2)
  Grum (D:8)
  6 yaks (D:8)
  An orc warrior (D:6)
  A necrophage (D:5)
  3 sky beasts
  A black bear (D:7)
  3 ogres
  2 centaurs
  A phantom (D:5)
  4 wolves (D:8)
  A bullfrog (D:6)
  A wyvern zombie (D:6)
  A water moccasin zombie (D:4)
  3 scorpions
  8 wights
  5 electric eels (D:7)
  A howler monkey (D:6)
  2 centaur zombies
  A crimson imp (Abyss:2)
  2 jellies
  3 gnoll shamans
  5 hounds
  5 iguanas
  2 orc wizards
  A hound skeleton (D:4)
  A howler monkey zombie (D:4)
  Robin (D:3)
  19 gnolls
  2 howler monkey skeletons (D:7)
  An adder (D:4)
  A river rat (D:4)
  2 shadow imps
  2 white imps
  An adder zombie (D:4)
  An adder skeleton (D:4)
  2 worms (D:2)
  2 dart slugs (D:1)
  17 orcs
  8 ball pythons
  4 bats
  6 endoplasms
  5 giant cockroaches
  18 goblins
  17 hobgoblins
  10 jackals
  7 kobolds
  A quokka (D:1)
  2 frilled lizards
  5 rats
203 creatures vanquished.

Vanquished Creatures (others)
  A wyvern skeleton (D:3)
  6 plants
  3 starspawn tentacles (Abyss:2)
10 creatures vanquished.

Grand Total: 213 creatures vanquished

Notes
Turn   | Place    | Note
-------+----------+-------------------------------------------
     0 | D:1      | croobank the Hill Orc Monk began the quest for the Orb.
     0 | D:1      | Reached XP level 1. HP: 19/19 MP: 1/1
    22 | D:1      | Reached XP level 2. HP: 21/27 MP: 2/2
   469 | D:1      | Reached XP level 3. HP: 32/33 MP: 3/3
   546 | D:1      | You fall into a shaft and drop 1 floor!
  1219 | D:2      | Identified the +0 ring mail "Fubb" {Will+ rCorr}
  1485 | D:2      | Identified the +1 ring mail of Beipn {rC+ rN+ Regen+}
  1532 | D:2      | Reached XP level 4. HP: 40/40 MP: 4/4
  1722 | D:2      | Identified the +2 robe of Polytheism {rN+ Slay+3}
  1829 | D:3      | Reached skill level 5 in Axes
  1829 | D:3      | Reached XP level 5. HP: 47/47 MP: 5/5
  2157 | D:3      | Found a faded altar of an unknown god.
  2172 | D:3      | Identified the +8 whip "Gemog" {spect, *Slow MP+9 Str+8
                  | SInv}
  2240 | D:3      | Identified the +4 helmet "Sahuacru" {rElec}
  2240 | D:3      | Noticed Robin
  2291 | D:3      | Killed Robin
  2537 | D:4      | Reached skill level 1 in Maces & Flails
  2738 | D:4      | Reached XP level 6. HP: 52/55 MP: 6/6
  2780 | D:4      | Reached skill level 5 in Fighting
  2780 | D:4      | Reached skill level 2 in Maces & Flails
  2921 | D:4      | Reached skill level 3 in Maces & Flails
  2921 | D:4      | Reached XP level 7. HP: 61/61 MP: 7/7
  3047 | D:4      | Found a transporter.
  3049 | D:4      | Noticed bromine's ghost (amateur HuCA)
  3050 | D:4      | Found a transporter.
  3325 | D:5      | Entered Level 5 of the Dungeon
  3372 | D:5      | Reached skill level 4 in Maces & Flails
  3531 | D:5      | Identified the +5 hand axe "Imp's Foe" {drain, Stlth+}
  3545 | D:5      | Reached XP level 8. HP: 62/70 MP: 8/8
  3560 | D:5      | Reached skill level 5 in Maces & Flails
  3582 | D:5      | Found a staircase to the Ecumenical Temple.
  3775 | D:5      | Found Hufink's General Store.
  3778 | D:5      | Bought a scarf of invisibility for 156 gold pieces
  3983 | D:6      | Reached skill level 6 in Maces & Flails
  4111 | D:6      | Reached XP level 9. HP: 75/79 MP: 9/9
  4171 | D:6      | Reached skill level 7 in Maces & Flails
  4171 | D:6      | Reached skill level 5 in Dodging
  4329 | D:6      | Found a runed translucent door.
  4330 | D:6      | Noticed boopmooplesden's ghost (novice MiFi)
  4348 | D:6      | Reached skill level 5 in Stealth
  4372 | D:6      | Killed boopmooplesden's ghost
  4478 | D:4      | Killed bromine's ghost
  4580 | D:6      | Reached skill level 8 in Maces & Flails
  4855 | D:7      | Identified the +10 dire flail of Rugoad {holy, MP+9}
  5260 | D:7      | Reached XP level 10. HP: 84/89 MP: 10/10
  6037 | D:8      | Reached skill level 9 in Maces & Flails
  6262 | D:8      | Found a runed translucent gate.
  6263 | D:8      | Found a runed translucent gate.
  6264 | D:8      | Found a runed translucent gate.
  6264 | D:8      | Identified the +1 plate armour of Slimy Mirth {rElec rCorr
                  | Str-2}
  6266 | D:8      | Noticed GloriousHammer's ghost (novice TrBe)
  6326 | D:8      | Reached skill level 5 in Invocations
  6577 | D:8      | Noticed Psyche
  6652 | D:8      | Noticed Grum
  6670 | D:8      | Killed Grum
  6793 | D:8      | Cast into level 2 of the Abyss (Psyche)
  6840 | Abyss:2  | Noticed a smoke demon
  6874 | Abyss:2  | Noticed a wretched star
  6897 | Abyss:2  | Noticed a large abomination
  6899 | Abyss:2  | Noticed a tentacled starspawn
  6902 | Abyss:2  | Noticed a kobold demonologist
  6929 | Abyss:2  | Found a corrupted altar of Lugonu.
  6934 | Abyss:2  | Noticed a large abomination
  6963 | Abyss:2  | Noticed a starcursed mass
  6978 | Abyss:2  | HP: 4/90 [small abomination (6)]
  6983 | Abyss:2  | HP: 1/90 [raiju/living lightning (3)]
  6984 | Abyss:2  | Killed from afar by a raiju

Illustrated notes

Levels and vault maps discovered:
D:1:      onia_arrival_pyramid, layout_loops_ring
D:2:      layout_rooms, serial_forest, infiniplex_forest_clump_tiny,
          infiniplex_forest_straight_4, infiniplex_forest_clump_double,
          infiniplex_forest_lined_3, infiniplex_forest_zigzag_2,
          infiniplex_forest_clump_small, infiniplex_forest_corner_1,
          infiniplex_forest_clump_tiny, infiniplex_forest_lined_room_,
          nrook_loot_triangle, guppyfry_early_orc_mine
D:3:      layout_rooms, nicolae_ecumenical_oubliette, kennysheep_flooded_box,
          minmay_misc_feat_more_columns, chequers_garden, lemuel_old_faithful,
          uniq_robin
D:4:      layout_loops_cross, portal_sewer_entry_b, gammafunk_ghost_mausoleum,
          minmay_fountain_box, minmay_small_thing
D:5:      layout_layer_cave, minmay_temple_entry_wispy, serial_glass,
          glass_columns_a, glass_columns_b, minmay_strange_pillars,
          serial_shops, kennysheep_mini, hangedman_decor_clover_reticule
D:6:      layout_basic, ebering_ghost_reflecting_pool
D:7:      layout_layer_cave, chequers_big_river
D:8:      layout_layer_cave, biasface_ghost_orc_armoury, grunt_ministairs_2,
          uniq_maurice, uniq_grum, uniq_psyche, uniq_erica
Abyss:2:  base: D:3, hangedman_abyss_or_decor_lesser_grid,
          evilmike_abyss_exit_mutagenic, lemuel_flamethrower_2

Skill      XL: |  1  2  3  4  5  6  7  8  9 10 |
---------------+-------------------------------+-----
Fighting       | 4 5 6 7 8 |  8.5
Stealth        | 2 3 4 5 6 |  6.0
Dodging        | 3 4 5 |  5.9
Axes           | 5 |  5.1
Maces & Flails | 1 3 4 6 8 9 |  9.1
Invocations    | 7 |  7.1

Action                   |  1- 3 |  4- 6 |  7- 9 | 10-12 || total
-------------------------+-------+-------+-------+-------++-------
Melee: Hand axe          |   137 |    92 |       |       ||   229
       Punch             |       |     2 |     3 |     1 ||     6
       Whip              |       |    53 |   212 |    74 ||   339
       War axe           |       |     7 |       |       ||     7
       Unarmed           |       |       |       |    29 ||    29
Throw: Dart              |       |       |     5 |       ||     5
Evoke: Wand              |       |       |       |     3 ||     3
  Use: Scroll            |     2 |     7 |     5 |     7 ||    21
       Potion            |       |       |     2 |     1 ||     3
 Stab: Sleeping          |     3 |     1 |     3 |     2 ||     9
       Distracted        |       |       |       |     2 ||     2
Armor: Robe              |     8 |       |       |       ||     8
       Ring mail         |    23 |    66 |    68 |    38 ||   195
Dodge: Dodged            |    68 |   106 |    97 |    76 ||   347
